 Dungeon Crawl Stone Soup version 0.28-a0-1396-gdcb3f3653b (webtiles) character file.

Game seed: 10720545955482519494

189 MacCMillion the Skirmisher (level 5, -2/42 HPs)
             Began as a Demonspawn Fighter on Jan 5, 2022.
             Killed by nerve-wracking pain
             ... invoked by an orc priest
              (10 damage)
             ... on level 3 of the Dungeon.
             The game lasted 00:08:03 (2998 turns).

MacCMillion the Skirmisher (Demonspawn Fighter)     Turns: 2998, Time: 00:08:03

Health: -2/42      AC:  8    Str: 15 (18) XL:     5   Next: 40%
Magic:  5/5        EV:  9    Int: 10      God:
Gold:   66         SH:  4    Dex: 11 (12) Spells: 4/4 levels left

rFire   . . .      SeeInvis .   a - +0 rapier
rCold   . . .      Faith    .   c - +0 buckler
rNeg    . . .      Spirit   .   b - +0 scale mail
rPois   .          Reflect  .   (no helmet)
rElec   .          Harm     .   (no cloak)
rCorr   .          Rampage  .   f - +0 pair of gloves
Will    .....                   (no boots)
Stlth   ..........              (no amulet)
HPRegen 0.14/turn               (no ring)
MPRegen 0.09/turn               (no ring)

@: no status effects
A: ignite blood 1, demonic magic 1
a: no special abilities


You were on level 3 of the Dungeon.
You visited 1 branch of the dungeon, and saw 4 of its levels.

You collected 66 gold pieces.

Inventory:

Hand Weapons
 a - a +0 rapier (weapon)
Missiles
 j - 3 silver javelins (quivered)
 k - 27 poisoned darts
 p - 2 throwing nets
Armour
 b - a +0 scale mail (worn)
 c - a +0 buckler (worn)
 f - a +0 pair of gloves (worn)
Wands
 s - a wand of polymorph (6)
Scrolls
 g - a scroll of enchant weapon {unknown}
 h - 2 scrolls of identify {unknown}
 i - a scroll of vulnerability {unknown}
 n - 2 scrolls of fear {unknown}
 t - a scroll of noise {unknown}
Potions
 d - a potion of might
 e - a potion of heal wounds
 l - a potion of curing {unknown}
 m - a potion of haste {unknown}
 o - a potion of degeneration
 q - a potion of mutation {unknown}
 r - a potion of brilliance


   Skills:
 + Level 4.0 Fighting
 + Level 3.0 Short Blades
 + Level 3.6 Armour
 + Level 3.6 Shields


You had 4 spell levels left.
You didn't know any spells.
Your spell library contained the following spells:

 Spells                   Type           Power      Damage    Failure   Level
 Call Canine Familiar     Summ           0%         N/A       99%         3
 Portal Projectile        Hex/Tloc       0%         N/A       99%         3
 Leda's Liquefaction      Hex/Erth       0%         N/A       100%        4


Dungeon Overview and Level Annotations

Branches:
Dungeon (4/15)
 Temple: D:4-7

Altars:

Shops:
D:1 (


Innate Abilities, Weirdness & Mutations

Your demonic aura sometimes causes spilled blood to erupt in flames.
Spells you cast may paralyse adjacent enemies.


Message History

You hit the orc priest.
The orc priest is moderately wounded.
You block the orc priest's attack.
You hit the orc priest but do no damage.
The orc priest is moderately wounded.
The orc priest looks satisfied for a moment.
The orc priest mumbles some strange prayers to Beogh against you.
Beogh smites you!
You closely miss the orc priest.
The orc priest is moderately wounded.
The orc priest hits you with a +4 hand axe.
You closely miss the orc priest.
The orc priest is moderately wounded.
The orc priest mumbles some strange prayers to Beogh against you.
Beogh smites you!
* * * LOW HITPOINT WARNING * * *
You barely miss the orc priest.
The orc priest is moderately wounded.
The orc priest hits you but does no damage.
You hit the orc priest.
The orc priest is heavily wounded.
The orc priest hits you but does no damage.
You barely miss the orc priest.
The orc priest is heavily wounded.
The orc priest hits you with a +4 hand axe.
* * * LOW HITPOINT WARNING * * *
You barely miss the orc priest.
The orc priest is heavily wounded.
The orc priest closely misses you.
You hit the orc priest.
The orc priest is almost dead.
The orc priest looks encouraged for a moment.
You barely miss the orc priest.
The orc priest is almost dead.
The orc priest barely misses you.
You hit the orc priest.
The orc priest is almost dead.
The orc priest calls down the wrath of Beogh upon you.
Pain shoots through your body!
You die...

*,,,,,,* #......# *,,,,,,*
####.#### *,,,,,,* #........
*,,,,,,* ###########........
*,,,,,.#####........>#........
*,,,,,.........#####.......(.#
*,,,,,.##.................#...
*,,,,,.........#####..........
*,,,,,,*#...o@...###.....<....
********#......#..##..........
#......##.............
#####.#...............
#......#........##
###....#..........
#........>....#.
#...##...รท....##
#...##........#.


You could see an orc priest.

Vanquished Creatures
  A hound (D:3)
  An orc priest (D:4)
  Natasha (thrice) (D:2)
  An adder (D:3)
  2 dart slugs
  3 endoplasms
  A giant cockroach (D:3)
  3 goblins
  4 hobgoblins (D:1)
  8 kobolds
  3 quokkas
  5 ball pythons
  4 bats
  2 frilled lizards
  7 rats
48 creatures vanquished.

Notes
Turn   | Place    | Note
-------+----------+-------------------------------------------
     0 | D:1      | MacCMillion the Demonspawn Fighter began the quest for the
                  | Orb.
     0 | D:1      | Reached XP level 1. HP: 18/18 MP: 1/1
    84 | D:1      | Gained mutation: Your demonic aura sometimes causes spilled
                  | blood to erupt in flames. [demonic ancestry]
    84 | D:1      | Reached XP level 2. HP: 20/24 MP: 2/2
   150 | D:1      | Found Soucoleq's Antique Weapon Shop.
   284 | D:1      | Found a faded altar of an unknown god.
   742 | D:2      | Gained mutation: Spells you cast may paralyse adjacent
                  | enemies. [demonic ancestry]
   742 | D:2      | Reached XP level 3. HP: 28/29 MP: 3/3
  1206 | D:2      | Noticed Natasha
  1214 | D:2      | Killed Natasha
  1310 | D:2      | Noticed Natasha
  1318 | D:2      | Killed Natasha
  1319 | D:2      | Reached XP level 4. HP: 36/36 MP: 4/4
  1330 | D:2      | Noticed Natasha
  1339 | D:2      | Killed Natasha
  2395 | D:4      | Reached XP level 5. HP: 29/42 MP: 5/5
  2502 | D:3      | Reached skill level 4 in Fighting
  2998 | D:3      | Killed from afar by an orc priest

Illustrated notes

Levels and vault maps discovered:
D:1:      dpeg_arrival_ratfight, layout_loops_ring,
          dreamdust_ecumenical_altar_angels_and_demons, serial_shops,
          nicolae_shop_hallway_stairs
D:2:      layout_loops_cross, uniq_natasha
D:3:      layout_rooms
D:4:      layout_rooms, mainiacjoe_overflow_paths,
          chequers_serial_rivers_micro_b, uniq_eustachio, uniq_pikel,
          uniq_crazy_yiuf_cottage, uniq_sigmund

Skill      XL: |  1  2  3  4  5 |
---------------+----------------+-----
Short Blades   | 2 3 |  3.0
Armour         | 3 |  3.6
Shields        | 3 |  3.6
Fighting       | 4 |  4.0

Action                   |  1- 3 |  4- 6 || total
-------------------------+-------+-------++-------
Melee: Rapier            |   102 |    68 ||   170
  Use: Potion            |       |     3 ||     3
Armor: Scale mail        |    51 |    23 ||    74
Dodge: Dodged            |    44 |    21 ||    65
Block: Buckler           |    17 |    15 ||    32

Table legend: (Time is in decaauts)
 A = Elapsed time spent in this place.
 B = Non-inter-level travel time spent in this place.
 C = Inter-level travel time spent in this place.
 D = Time resting spent in this place.
 E = Time spent auto-exploring this place.
 F = Levels seen in this place.
 G = Mean time per level.
                   A        B        C        D        E       F      G
               +--------+--------+--------+--------+--------+-----+--------+
         Total |   3027 |   2938 |     89 |    897 |   1557 |   4 |  756.8 |
       Dungeon |   3027 |   2938 |     89 |    897 |   1557 |   4 |  756.8 |
               +--------+--------+--------+--------+--------+-----+--------+

Top non-repeatable levels by time:
     D:2: 1079 daAuts
     D:3: 1059 daAuts
     D:1: 738 daAuts
     D:4: 149 daAuts
